 Dungeon Crawl Stone Soup version 0.27-a0-887-gcab673c142 (webtiles) character file.

Game seed: 8322342573553560900

18066 leviel the Warrior (level 12, -10/124 HPs)
             Began as a Hill Orc Fighter on Apr 3, 2021.
             Was a Follower of Ashenzari.
             Mangled by a minotaur
             ... wielding the +6 flail of Valiance {vamp, Int+3}
              (39 damage)
             ... in a Gauntlet.
             The game lasted 00:30:02 (15859 turns).

leviel the Warrior (Hill Orc Fighter)              Turns: 15859, Time: 00:30:03

Health: -10/124    AC:  6    Str: 24    XL:     12   Next: 54%
Magic:  12/12      EV: 12    Int:  8    God:    Ashenzari [*.....]
Gold:   589        SH:  0    Dex: 10    Spells: 11/11 levels left

rFire    . . .     SeeInvis .   a - +8 mithril axe "Arga" {speed, Will+, Melee, Range} (curse)
rCold    . . .     Faith    .   p - +2 buckler
rNeg     . . .     Spirit   .   b - +0 troll leather armour
rPois    +         Reflect  .   (no helmet)
rElec    .         Harm     .   (no cloak)
rCorr    +         Rampage  .   (no gloves)
Will     +....     NoTele   +   t - +0 pair of boots
Stlth    +.........             v - amulet of regeneration
HPRegen  2.30/turn              l - ring of the Tethered Sage {rPois, Melee, Cun} (curse)
MPRegen  0.13/turn              w - ring of resist corrosion

@: confused, ambrosia-drunk, studying Fighting
A: no striking features
a: Renounce Religion, Curse Item, Shatter the Chains


You were in a Gauntlet.
You worshipped Ashenzari.
Ashenzari was aware of your devotion.
You visited 2 branches of the dungeon, and saw 12 of its levels.
You also visited: Gauntlet.

You collected 610 gold pieces.
You spent 21 gold pieces at shops.

Inventory:

Hand Weapons
 a - the cursed +8 mithril axe "Arga" (weapon) {speed, Will+, Melee, Range}
   (You acquired it on level 9 of the Dungeon)

   Attacks with this weapon are significantly faster.
   It increases your willpower.
   It has a curse which improves the following skills: Melee Combat: Short
   Blades, Long Blades, Axes, Maces & Flails, Polearms, Staves and Unarmed
   Combat.
   Ranged Combat: Slings, Bows, Crossbows and Throwing.
Missiles
 e - 2 throwing nets
 q - 8 silver javelins (quivered)
Armour
 b - a +0 troll leather armour (worn)
 p - a +2 buckler (worn)
 t - a +0 pair of boots (worn)
Jewellery
 l - the cursed ring of the Tethered Sage (left hand) {rPois, Melee, Cun}
   (You found it on level 1 of the Dungeon)

   [ring of poison resistance]

   It protects you from poison.
   It has a curse which improves the following skills: Melee Combat: Short
   Blades, Long Blades, Axes, Maces & Flails, Polearms, Staves and Unarmed
   Combat.
   Cunning:   Dodging and Stealth.
 v - an amulet of regeneration (around neck)
 w - a ring of resist corrosion (right hand)
Wands
 i - a wand of flame (19)
 j - a wand of random effects (39)
 o - a wand of mindburst (7)
Scrolls
 c - a scroll of enchant weapon
 f - a scroll of teleportation
 m - a scroll of amnesia
 r - a scroll of silence
 u - a scroll of blinking
Potions
 g - 2 potions of resistance
 h - 4 potions of curing
 k - a potion of magic
 s - 2 potions of brilliance
Miscellaneous
 n - a condenser vane


   Skills:
 + Level 16.4 Fighting
 - Level 11.6(13.0) Long Blades
 + Level 12.8(14.1) Axes
 + Level 2.6(3.5) Throwing
 + Level 6.3 Armour
 + Level 3.2(4.1) Dodging
 - Level 0.5(1.0) Stealth
 + Level 6.5 Shields


You had 11 spell levels left.
You didn't know any spells.
Your spell library contained the following spells:

 Spells                   Type           Power      Damage    Failure   Level
 Magic Dart               Conj           0%         1d3       43%         1
 Shock                    Conj/Air       0%         1d3       43%         1
 Blink                    Tloc           N/A        N/A       58%         2
 Call Imp                 Summ           0%         N/A       58%         2
 Passwall                 Tmut/Erth      0%         N/A       58%         2
 Slow                     Hex            0%         N/A       58%         2
 Swiftness                Air            0%         N/A       58%         2
 Confusing Touch          Hex            0%         N/A       82%         3
 Conjure Flame            Conj/Fire      0%         6-21      82%         3
 Gell's Gravitas          Tloc           0%         N/A       82%         3
 Mephitic Cloud           Conj/Pois/Air  0%         N/A       82%         3
 Static Discharge         Conj/Air       0%         N/A       82%         3
 Airstrike                Air            0%         N/A       99%         4
 Petrify                  Tmut/Erth      0%         N/A       99%         4
 Hydra Form               Tmut           0%         N/A       100%        5
 Lightning Bolt           Conj/Air       0%         1d11      100%        5
 Metabolic Englaciation   Hex/Ice        0%         N/A       100%        5
 Yara's Violent Unravell  Hex/Tmut       0%         3d3       100%        5
 Statue Form              Tmut/Erth      0%         N/A       100%        6


Dungeon Overview and Level Annotations

Branches:
Dungeon (11/15)            Temple (1/1) D:6            Lair (0/6) D:9
    Orc (0/2) D:9         Gauntlet (1/1)

Altars:
Ashenzari
Cheibriados
Dithmenos
Elyvilon
Fedhas
Gozag
Hepliaklqana
Kikubaaqudgha
Makhleb
Nemelex Xobeh
Okawaru
Qazlal
Ru
Sif Muna
Trog
Uskayaw
Vehumet
Wu Jian
Xom
Yredelemnul
Zin

Shops:
D:6 *   D:8 :

Annotations:
D:5 1 runed translucent door, Dvallin's ghost, novice DjNe Gauntlet 7 transporters


Message History

A minotaur comes into view.
It is wielding the +6 flail of Valiance {vamp, Int+3} and quivering silver javelins.
The minotaur bellows!
Found four items.
Okay, then.
The minotaur hits you with the +6 flail of Valiance {vamp, Int+3}!!!
The minotaur barely misses you.
Found a gate leading back out of this place.
There is an open door, spattered with blood here.
You hit the minotaur but do no damage.
The minotaur hits you with the +6 flail of Valiance {vamp, Int+3}!!
The minotaur gores you!
You are confused.
You feel invigorated.
The minotaur hits you with the +6 flail of Valiance {vamp, Int+3}!
The minotaur gores you!
* * * LOW HITPOINT WARNING * * *
Okay, then.
The minotaur throws a silver javelin.
The silver javelin completely misses you.
The minotaur closely misses you.
The minotaur gores you but does no damage.
There is an open door, spattered with blood here.
You slash the minotaur!
The minotaur is lightly wounded.
You closely miss the minotaur.
The minotaur furiously retaliates!
The minotaur headbutts you!
The minotaur is lightly wounded.
The minotaur hits you with the +6 flail of Valiance {vamp, Int+3}!!
* * * LOW HITPOINT WARNING * * *
The minotaur draws strength from your wounds!
The minotaur gores you but does no damage.
You bump into the metal wall.
The minotaur barely misses you. The minotaur gores you!
* * * LOW HITPOINT WARNING * * *
You hit the minotaur.
The minotaur is lightly wounded.
You hit the minotaur.
The minotaur is lightly wounded.
The minotaur hits you with the +6 flail of Valiance {vamp, Int+3}!!!
You die...

#8∩8# #:.(# #8.8#
####[./####
###8.#8.8#.8###
#....#...#....#
#.#..#8H8#..#.#
#.#..##@##..#.#
#.............#
#.#.##.#.##.#.#
#.#....#....#.#
#.#.#######.#.#
#.............#
##...©.©.©...## ####
##..8.8.8..## ####
≈#≈#≈####.......####≈#≈#≈


You could see a minotaur.

Vanquished Creatures
  An entropy weaver (Gauntlet)
  Harold (D:7)
  2 two-headed ogres (D:10)
  Urug (D:10)
  A cyclops (D:11)
  Joseph (D:7)
  Psyche (D:11)
  Maggie (D:7)
  An efreet (Gauntlet)
  A komodo dragon (D:11)
  3 trolls
  A queen bee (shapeshifter) (D:10)
  A wraith (D:9)
  A vampire (D:11)
  A redback (Gauntlet)
  A fire elemental (Gauntlet)
  6 yaks (D:8)
  2 steam dragons
  An acid dragon (D:9)
  2 water moccasins
  A hell hound (Gauntlet)
  A black bear (D:5)
  6 orc warriors
  A sky beast (D:8)
  2 necrophages
  5 centaurs
  2 ogres
  A phantom (D:6)
  A kobold brigand (D:9)
  Blork the orc (D:5)
  3 bullfrogs
  3 scorpions
  A wyvern skeleton (D:7)
  4 killer bees (D:9)
  5 centaur zombies
  8 orc priests
  A bullfrog skeleton (D:7)
  6 hounds
  2 jellies
  3 gnoll shamans
  3 iguanas
  12 orc wizards
  A killer bee zombie (D:7)
  A hound zombie (D:5)
  10 gnolls
  6 adders
  A shadow imp (D:7)
  A white imp (D:7)
  2 ufetubi
  2 worms
  2 dart slugs
  26 orcs
  4 endoplasms (D:1)
  A giant cockroach (D:1)
  5 goblins
  5 hobgoblins
  7 jackals (D:1)
  4 quokkas
  7 ball pythons
  5 bats
  5 frilled lizards
  11 kobolds
  8 rats
216 creatures vanquished.

Vanquished Creatures (collateral kills)
  2 gnolls (D:7)
2 creatures vanquished.

Vanquished Creatures (others)
  An orc wizard (D:9)
  A gnoll (D:7)
  14 demonic plants (Gauntlet)
16 creatures vanquished.

Grand Total: 234 creatures vanquished

Notes
Turn   | Place    | Note
-------+----------+-------------------------------------------
     0 | D:1      | leviel the Hill Orc Fighter began the quest for the Orb.
     0 | D:1      | Reached XP level 1. HP: 19/19 MP: 1/1
    31 | D:1      | Reached XP level 2. HP: 20/27 MP: 2/2
   132 | D:1      | You fall into a shaft and drop 1 floor!
   500 | D:2      | Reached XP level 3. HP: 9/33 MP: 3/3
  2187 | D:1      | Reached XP level 4. HP: 36/40 MP: 4/4
  2966 | D:3      | You fall into a shaft and drop 1 floor!
  3018 | D:4      | Reached skill level 4 in Fighting
  3018 | D:4      | Reached XP level 5. HP: 23/46 MP: 5/5
  3594 | D:4      | Found a broken altar of Ashenzari.
  3606 | D:4      | Reached XP level 6. HP: 50/52 MP: 6/6
  3747 | D:4      | Reached skill level 1 in Dodging
  4248 | D:5      | Entered Level 5 of the Dungeon
  4376 | D:5      | Noticed a black bear
  4386 | D:5      | Killed a black bear
  4387 | D:5      | Reached skill level 5 in Fighting
  4387 | D:5      | Reached skill level 5 in Long Blades
  4387 | D:5      | Reached XP level 7. HP: 46/61 MP: 7/7
  4703 | D:5      | Found a runed translucent door.
  4746 | D:5      | Noticed Blork the orc
  4760 | D:5      | Killed Blork the orc
  5108 | D:5      | Reached skill level 6 in Fighting
  5830 | D:5      | Reached XP level 8. HP: 57/71 MP: 8/8
  6243 | D:5      | Noticed Dvallin's ghost (novice DjNe)
  6281 | D:6      | Reached skill level 7 in Fighting
  6430 | D:6      | Found a staircase to the Ecumenical Temple.
  6467 | Temple   | Entered the Ecumenical Temple
  7006 | D:4      | Became a worshipper of Ashenzari the Shackled
  7006 | D:4      | Identified a scroll of acquirement
  7017 | D:4      | Acquired a manual of Fighting
  7409 | D:6      | Found Tumeduen's Assorted Antiques.
  7420 | D:6      | Bought a lumpy pink potion for 21 gold pieces
  7645 | D:6      | Reached skill level 8 in Fighting
  8476 | D:7      | Noticed Maggie
  8479 | D:7      | Noticed Joseph
  8655 | D:7      | Killed Maggie
  8656 | D:7      | Reached skill level 10 in Fighting
  8656 | D:7      | Reached XP level 9. HP: 54/85 MP: 9/9
  8825 | D:7      | Killed Joseph
  9043 | D:7      | Reached skill level 11 in Fighting
  9373 | D:7      | Noticed Harold
  9386 | D:7      | Killed Harold
  9387 | D:7      | Reached skill level 12 in Fighting
  9678 | D:7      | Reached skill level 10 in Long Blades
  9774 | D:7      | Reached * piety under Ashenzari
  9830 | D:7      | Reached skill level 13 in Fighting
 10384 | D:7      | Reached XP level 10. HP: 56/101 MP: 10/10
 10990 | D:8      | Reached skill level 14 in Fighting
 11663 | D:8      | Found Roj Duil's Book Emporium.
 11743 | D:8      | Identified the +9 mace "Niopam" {venom, rPois rF+}
 12383 | D:9      | Reached skill level 15 in Fighting
 12562 | D:9      | Acquired the +8 mithril axe "Arga" {speed, Will+}
 12563 | D:9      | Found the +8 mithril axe "Arga" {speed, Will+}
 12607 | D:9      | Reached XP level 11. HP: 47/112 MP: 11/11
 12913 | D:9      | Reached skill level 5 in Shields
 13043 | D:9      | Identified Sif Muna's Almanac of Transformation
 13044 | D:9      | Found a staircase to the Lair.
 13389 | D:9      | Found an ornate altar of the Wu Jian Council.
 13389 | D:9      | Found a glowing silver altar of Zin.
 13422 | D:9      | Identified the +5 long sword of the Living Dead {freeze,
                  | SInv}
 13630 | D:9      | Found a staircase to the Orcish Mines.
 13930 | D:10     | Entered Level 10 of the Dungeon
 14060 | D:10     | Reached skill level 5 in Armour
 14555 | D:10     | Noticed Urug
 14564 | D:10     | Killed Urug
 14670 | D:10     | Noticed a two-headed ogre
 14673 | D:10     | Noticed a two-headed ogre
 14678 | D:10     | Killed a two-headed ogre
 14679 | D:10     | Reached XP level 12. HP: 110/122 MP: 12/12
 14679 | D:10     | Killed a two-headed ogre
 14680 | D:10     | Reached skill level 1 in Throwing
 14819 | D:10     | Reached skill level 16 in Fighting
 15483 | D:11     | Noticed Psyche
 15488 | D:11     | Killed Psyche
 15604 | D:11     | Found a gate leading to a gauntlet.
 15646 | Gauntlet | Entered a Gauntlet
 15646 | Gauntlet | Found a transporter.
 15649 | Gauntlet | Found a transporter.
 15651 | Gauntlet | Found a transporter.
 15652 | Gauntlet | Identified the -6 pair of boots of Liokluos {+Inv Str+5
                  | Slay+5 SInv}
 15655 | Gauntlet | Found a transporter.
 15662 | Gauntlet | Found a transporter.
 15662 | Gauntlet | Found a transporter.
 15663 | Gauntlet | Noticed an entropy weaver
 15665 | Gauntlet | Found a transporter.
 15665 | Gauntlet | Found a transporter.
 15665 | Gauntlet | Noticed a hell beast
 15666 | Gauntlet | Identified the ring of Babloer {Str+3 Dex+6}
 15680 | Gauntlet | Noticed a dire elephant
 15689 | Gauntlet | Identified the +2 hat of Autumn {Dex+3}
 15692 | Gauntlet | Found a transporter.
 15692 | Gauntlet | Found a transporter.
 15697 | Gauntlet | Identified the amulet "Kif Xum" {Spirit Int+4 Stlth+}
 15697 | Gauntlet | Found a transporter.
 15797 | Gauntlet | Killed an entropy weaver
 15849 | Gauntlet | Identified the +6 flail of Valiance {vamp, Int+3}
 15849 | Gauntlet | Noticed a minotaur
 15850 | Gauntlet | Identified the Handbook of the Traveller
 15850 | Gauntlet | Identified the Almanac of Moulding
 15859 | Gauntlet | Mangled by a minotaur

Illustrated notes

Levels and vault maps discovered:
D:1:      lemuel_arrival_behind_the_door_large, layout_basic, chequers_garden
D:2:      layout_loops_ring, serial_bayou, serial_bayou_pond_d,
          serial_bayou_shore_b, serial_bayou_pond_e, serial_bayou_pond_e,
          serial_bayou_pond_e, serial_bayou_shore_b, minmay_tetromino_i2
D:3:      layout_basic, tso_metal_star, basic_ecumenical_altar,
          portal_sewer_entry_f, palyth_stone_intersect
D:4:      layout_loops_ring, cheibrodos_ashenzari_chains,
          minmay_misc_feat_plants
D:5:      layout_layer_cave, ebering_ghost_reflecting_pool, uniq_blork_the_orc
D:6:      layout_layer_cave, temple_doors_e, serial_shops, shop
D:7:      layout_layer_cave, nicolae_ossuary_entry_monument, uniq_maggie,
          uniq_harold, uniq_joseph
D:8:      layout_gridville, serial_shops, nicolae_shop_waterfront
D:9:      layout_loops_ring, gammafunk_temple_overflow_statue, lair_entry_dummy,
          orc_0_dummy, kennysheep_generic_room_8
D:10:     layout_roguey, uniq_urug
D:11:     layout_loops_corners, gauntlet_entry_generic, uniq_sonja,
          uniq_erolcha, uniq_psyche
Temple:   hc_temple_tempest_star
Gauntlet: minmay_gauntlet_mixed_oops_all_seconds
          [minmay_gauntlet_arena_77_mirror,
          gammafunk_gauntlet_arena_arrow_garden,
          minmay_gauntlet_arena_77_braids, gammafunk_gauntlet_arena_mazey,
          minmay_gauntlet_arena_77_mess, nicolae_gauntlet_arena_grate_2,
          nicolae_gauntlet_exit_dead_adventurers]

Skill      XL: |  1  2  3  4  5  6  7  8  9 10 11 12 |
---------------+-------------------------------------+-----
Shields        | 4 5 6 |  6.5
Armour         | 4 5 6 |  6.3
Long Blades    | 3 4 5 6 8 10 11 | 11.6
Fighting       | 4 5 6 10 13 15 16 | 16.4
Dodging        | 1 2 3 |  3.2
Axes           | 11 12 | 12.8
Throwing       | 2 |  2.6
Stealth        | |  0.5

Action                   |  1- 3 |  4- 6 |  7- 9 | 10-12 || total
-------------------------+-------+-------+-------+-------++-------
Melee: Long sword        |   147 |   177 |   249 |   135 ||   708
       Broad axe         |       |       |       |   168 ||   168
Throw: Dart              |       |       |       |     2 ||     2
Invok: Curse Item        |       |       |     2 |     1 ||     3
       Shatter the Chain |       |       |       |     1 ||     1
  Use: Potion            |       |     1 |     8 |     9 ||    18
       Scroll            |       |       |     6 |     1 ||     7
Armor: Scale mail        |    68 |    84 |    81 |    58 ||   291
       Troll leather arm |       |       |       |    17 ||    17
Dodge: Dodged            |    52 |    89 |    81 |    96 ||   318
Block: Kite shield       |    78 |   108 |   153 |    25 ||   364
       Buckler           |       |       |       |    76 ||    76
       Rpst.: Long sword |    26 |    24 |    18 |     9 ||    77

Table legend: (Time is in decaauts)
 A = Elapsed time spent in this place.
 B = Non-inter-level travel time spent in this place.
 C = Inter-level travel time spent in this place.
 D = Time resting spent in this place.
 E = Time spent auto-exploring this place.
 F = Levels seen in this place.
 G = Mean time per level.
                   A        B        C        D        E       F      G
               +--------+--------+--------+--------+--------+-----+--------+
         Total |  16018 |  15547 |    471 |   2198 |  11232 |  13 | 1232.2 |
       Dungeon |  15341 |  14888 |    453 |   2150 |  11009 |  11 | 1394.6 |
        Temple |    468 |    450 |     18 |      0 |    194 |   1 |  468.0 |
      Gauntlet |    208 |    208 |      0 |     48 |     29 |   1 |  208.0 |
               +--------+--------+--------+--------+--------+-----+--------+

Top non-repeatable levels by time:
     D:7: 2857 daAuts
     D:5: 2127 daAuts
     D:2: 1680 daAuts
     D:9: 1654 daAuts
     D:4: 1390 daAuts
     D:8: 1290 daAuts
     D:6: 1271 daAuts
    D:10: 1182 daAuts
     D:1: 1118 daAuts
    D:11: 492 daAuts
  Temple: 468 daAuts
     D:3: 274 daAuts
Gauntlet: 208 daAuts
